 Dungeon Crawl Stone Soup version 0.21.0-3-g78d12a8bdd (webtiles) character file.

10 Pixllover the Grasshopper (level 2, -3/25 HPs)
             Began as a Ghoul Warper on Jan 13, 2018.
             Slain by a gnoll
             ... wielding a +0 spear
              (4 damage)
             ... on level 1 of the Dungeon.
             The game lasted 00:01:38 (388 turns).

Pixllover the Grasshopper (Ghoul Warper)             Turns: 388, Time: 00:01:39

Health: -3/25      AC:  3    Str: 14    XL:     2   Next: 20%
Magic:  3/3        EV: 11    Int:  8    God:
Gold:   19         SH:  2    Dex:  8    Spells: 4/4 levels left

rFire    . . .     SeeInvis .   a - +0 mace
rCold    + . .     Gourm    .   n - +0 buckler
rNeg     + + +     Faith    .   b - +0 leather armour
rPois    ∞         Spirit   .   (no helmet)
rElec    .         Reflect  .   (no cloak)
rCorr    .         Harm     .   (no gloves)
MR       .....                  g - -1 pair of boots (curse)
Stlth    +.........             (no amulet)
HPRegen  0.00/turn              (no ring)
MPRegen  0.08/turn              (no ring)

@: rotting
A: rotting body, claws 1, carnivore, cold resistance 1, negative energy
resistance 3, inhibited regeneration, torment resistance, unbreathing
a: no special abilities


You were on level 1 of the Dungeon.
You were not hungry.

You visited 1 branch of the dungeon, and saw 1 of its levels.

You collected 19 gold pieces.

Inventory:

Hand Weapons
 a - a +0 mace (weapon)
Missiles
 e - 5 tomahawks of dispersal (quivered)
Armour
 b - a +0 leather armour (worn)
 g - a cursed -1 pair of boots (worn)
 n - a +0 buckler (worn)
Scrolls
 d - 2 scrolls of blinking
 h - a scroll of enchant weapon {unknown}
 j - a scroll of immolation {unknown}
 k - a scroll of fear {unknown}
 l - 2 scrolls of identify {unknown}
Potions
 i - a potion of heal wounds {unknown}
 o - a potion of curing {unknown}
 p - a potion of invisibility {unknown}
 q - a potion of ambrosia {unknown}
Books
 c - a book of Spatial Translocations

   Spells                             Type                      Level
   a - Blink                          Translocation                2
   b - Shroud of Golubria             Charms/Translocation         2
   c - Lesser Beckoning               Translocation                3
   d - Gell's Gravitas                Translocation                3
   e - Teleport Other                 Translocation                3
   f - Passage of Golubria            Translocation                4
Comestibles
 f - 2 rations
 m - 2 chunks of flesh


   Skills:
 + Level 2.6 Fighting
 + Level 2.0 Maces & Flails
 + Level 0.8 Throwing
 + Level 0.8 Armour
 + Level 2.0 Dodging
 + Level 1.8 Spellcasting
   Level 2.6 Translocations


You had 4 spell levels left.
You didn't know any spells.

Dungeon Overview and Level Annotations

Branches:
Dungeon (1/15)

Altars:


Innate Abilities, Weirdness & Mutations

Your body is rotting away.
You thrive on raw meat.
You are immune to poison.
You have sharp fingernails.
You are carnivorous and can eat meat at any time.
Your flesh is cold resistant. (rC+)
You are immune to negative energy. (rN+++)
You do not regenerate when monsters are visible.
You are immune to unholy pain and torment.
You can survive without breathing.


Message History

Found 23 gold pieces and 11 stones.
There is an open door here.
Found a club.
Found an escape hatch in the floor.
The gnoll closely misses you.
Your shield prevents you from hitting the gnoll.
The gnoll closely misses you. The gnoll hits you with a spear.
You barely miss the gnoll. The gnoll barely misses you.
You hit the gnoll.
The gnoll is moderately wounded.
The gnoll closely misses you.
You hit the gnoll.
The gnoll is moderately wounded.
The gnoll hits you with a spear! The dart slug launches a dart at you.
The slug dart hits you!
* * * LOW HITPOINT WARNING * * *
You sock the gnoll!
The gnoll is almost dead.
The gnoll barely misses you. The gnoll hits you with a spear.
You die...

#..
..........................(
#..
.........#'############....
..######....# #.##. #....#
#.##. #....# #.### #....#
#.# # #.###'## #.# #
#...w.###+### #.# #
......#@......) #.# #
......#g$...... #.# # .....
#........ ...w. #......>.
.(.. #...$.... ....
+.....### ####### .. ...
##.


You could see a gnoll and a dart slug.

Vanquished Creatures
  A giant cockroach (D:1)
  2 goblins (D:1)
  A hobgoblin (D:1)
  2 bats (D:1)
  A frilled lizard (D:1)
  A kobold (D:1)
  2 rats (D:1)
10 creatures vanquished.

Notes
Turn   | Place    | Note
-------+----------+-------------------------------------------
     0 | D:1      | Pixllover the Ghoul Warper began the quest for the Orb.
     0 | D:1      | Reached XP level 1. HP: 17/17 MP: 2/2
   202 | D:1      | Reached XP level 2. HP: 21/25 MP: 3/3
   387 | D:1      | HP: 1/25 [dart slug/slug dart (7)]
   388 | D:1      | Slain by a gnoll

Skill      XL: |  1 |
---------------+----+-----
Dodging        | 2 |  2.0
Maces & Flails | 2 |  2.0
Fighting       | |  2.6
Throwing       | |  0.8
Armour         | |  0.8
Spellcasting   | |  1.8
Translocations | |  2.6

Action                   || total
-------------------------++-------
Melee: Mace              ||    40
  Eat: Chunk             ||     2
Armor: Leather armour    ||    22
Dodge: Dodged            ||    37
Block: Buckler           ||     3
